 Dungeon Crawl Stone Soup version 0.19.1-1-g22dce08 (webtiles) character file.

3494 esteth the Cleaver (level 9, 0/78 HPs)
             Began as a Minotaur Fighter on Dec 30, 2016.
             Was a Priest of Elyvilon.
             Killed from afar by an ice statue (11 damage)
             ... with a freezing blast
             ... on level 8 of the Dungeon.
             The game lasted 00:25:37 (7136 turns).

esteth the Cleaver (Minotaur Fighter)               Turns: 7136, Time: 00:25:38

Health: 0/78       AC: 13    Str: 24    XL:     9   Next: 80%
Magic:  10/11      EV:  8    Int:  5    God:    Elyvilon [***...]
Gold:   325        SH: 11    Dex: 12    Spells: 0 memorised, 8 levels left

rFire  . . .     SeeInvis .     a - +0 war axe
rCold  . . .     Gourm    .     B - +2 scale mail "Beokk" {Dex+2}
rNeg   + . .     Faith    .     c - +0 shield
rPois  .         Spirit   .     (helmet restricted)
rElec  .         Reflect  .     (no cloak)
rCorr  .         Harm     .     g - +2 pair of gloves {archery}
MR     .....                    (no boots)
Stlth  ..........               (no amulet)
                                C - ring of flight
                                k - ring of positive energy

@: flying
A: retaliatory headbutt, horns 2
a: Lesser Healing, Heal Other, Purification, Divine Protection, Renounce
Religion, Stop Flying


You were on level 8 of the Dungeon.
You worshipped Elyvilon.
Elyvilon was most pleased with you.
You were not hungry.

You visited 2 branches of the dungeon, and saw 9 of its levels.

You collected 325 gold pieces.

Inventory:

Hand Weapons
 a - a +0 war axe (weapon)
 r - a +0 shortbow
Missiles
 D - 53 arrows
Armour
 c - a +0 shield (worn)
 g - a +2 pair of gloves of archery (worn)
 p - a cursed +0 large shield
 B - the +2 scale mail "Beokk" (worn) {Dex+2}
   (You found it on level 5 of the Dungeon)

   It affects your dexterity (+2).
Jewellery
 k - a ring of positive energy (left hand)
 C - a ring of flight (right hand)
Wands
 o - a wand of random effects (23/48)
 x - a wand of flame (13/48)
 A - a wand of lightning (4/15)
Scrolls
 h - a scroll of recharging
 l - 5 scrolls of amnesia
 v - 8 scrolls of remove curse
Potions
 b - a potion of heal wounds {unknown}
 d - 2 potions of might
 e - 2 potions of mutation {unknown}
 j - 2 potions of cure mutation {unknown}
 m - 5 potions of curing {unknown}
 n - 2 potions of brilliance {unknown}
 s - 2 potions of flight {unknown}
 u - a potion of cancellation {unknown}
 w - a potion of magic {unknown}
 E - a potion of ambrosia {unknown}
 F - a potion of invisibility {unknown}
 G - a potion of resistance {unknown}
Books
 y - a book of Misfortune

   Spells                             Type                      Level
   a - Confusing Touch                Hexes                        1
   b - Confuse                        Hexes                        3
   c - Gell's Gravitas                Hexes/Translocation          3
   d - Petrify                        Transmutation/Earth          4
   e - Metabolic Englaciation         Hexes/Ice                    5
   f - Yara's Violent Unravelling     Hexes/Transmutation          5
Comestibles
 f - 2 bread rations
 i - 17 fruits
 q - 3 meat rations
 z - a slice of pizza


   Skills:
 + Level 6.8 Fighting
 + Level 12.0 Axes
 - Level 6.4 Armour
 - Level 7.0 Shields
 - Level 5.0 Invocations


You had 8 spell levels left.
You didn't know any spells.

Dungeon Overview and Level Annotations

Branches:
Dungeon (8/15)             Temple (1/1) D:4
   Lair: D:8-11

Altars:
Ashenzari
Cheibriados
Dithmenos
Elyvilon
Fedhas
Gozag
Hepliaklqana
Kikubaaqudgha
Makhleb
Nemelex Xobeh
Okawaru
Qazlal
Ru
Sif Muna
Trog
Uskayaw
Vehumet
Xom
Yredelemnul
Zin
The Shining One

Shops:
D:4 *

Annotations:
D:8 exclusion: ice statue


Innate Abilities, Weirdness & Mutations

You reflexively headbutt those who attack you in melee.
You have a pair of horns on your head.


Message History

You slash the ice statue!
The ice statue is severely damaged.
You slash the ice beast! You hit the ice beast.
You are engulfed in freezing vapours.
The ice beast closely misses you. You furiously retaliate!
You headbutt the ice beast.
You kill the ice beast!
You block the ice beast's attack. The ice statue gestures at you.
The bolt of cold hits you!
You slash the ice statue!
The ice statue is almost destroyed.
You hit the ice beast.
You are engulfed in freezing vapours.
* * * LOW HITPOINT WARNING * * *
The ice beast closely misses you.
Okay, then.
You are healed.
You feel somewhat more hungry.
The ice beast hits you but does no damage.
The ice statue gestures at you. The freezing blast hits you!
You die...

.# #.#
.#
###.###
.#
#⌠...⌠#
.#
#.....#
.#
#.?...#
.#
#.....#
.#
#.....#
.#
#.....#
##
#≈≈@Y≈#
#≈≈8≈≈#
#≈≈≈≈≈#
#.....#
#.....#
#.....#
#.....#
#.?(\.#


You could see an ice statue and an ice beast.

Vanquished Creatures
  The ghost of Exporg the Skirmisher, a novice MiBe of Trog (D:4)
  Grinder (D:5)
  Prince Ribbit (D:6)
  A wyvern (D:8)
  Menkaure (D:6)
  2 black bears
  3 ice beasts
  2 ogres
  A centaur (D:7)
  4 bullfrogs
  A gnoll sergeant (D:8)
  A scorpion (D:5)
  5 killer bees (D:7)
  4 howler monkeys
  A jelly (D:4)
  A centaur zombie (D:7)
  A bullfrog zombie (D:6)
  3 orc priests (D:7)
  5 hounds
  6 orc wizards
  A bullfrog skeleton (D:5)
  2 iguanas (D:5)
  5 worker ants
  A killer bee zombie (D:8)
  A hound zombie (D:7)
  A worker ant zombie (D:5)
  8 gnolls
  A river rat (D:4)
  13 adders
  A shadow imp (D:6)
  An ooze (D:2)
  An adder skeleton (D:8)
  A worm (D:2)
  2 dart slugs
  7 leopard geckos
  13 orcs
  2 bats (D:1)
  11 giant cockroaches
  3 goblins (D:2)
  6 hobgoblins
  5 jackals
  7 kobolds
  5 quokkas
  3 ball pythons
  2 frilled lizards
  A leopard gecko skeleton (D:5)
  A leopard gecko zombie (D:5)
  A quokka zombie (D:5)
  5 rats
156 creatures vanquished.

Notes
Turn   | Place    | Note
-------+----------+-------------------------------------------
     0 | D:1      | esteth the Minotaur Fighter began the quest for the Orb.
     0 | D:1      | Reached XP level 1. HP: 19/19 MP: 0/0
    79 | D:1      | Reached skill level 3 in Axes
   102 | D:1      | Reached XP level 2. HP: 22/26 MP: 1/1
   545 | D:2      | Reached skill level 4 in Axes
   562 | D:2      | Reached XP level 3. HP: 31/31 MP: 2/2
  1294 | D:3      | Reached XP level 4. HP: 39/39 MP: 3/3
  1385 | D:3      | Reached skill level 5 in Axes
  1792 | D:4      | Noticed Exporg's ghost (novice MiBe)
  2124 | D:4      | Killed Exporg's ghost
  2124 | D:4      | Reached skill level 6 in Axes
  2124 | D:4      | Reached XP level 5. HP: 3/45 MP: 4/4
  2124 | D:4      | Reached XP level 6. HP: 4/51 MP: 5/5
  2443 | D:4      | Reached skill level 7 in Axes
  2443 | D:4      | Reached XP level 7. HP: 53/57 MP: 6/6
  2596 | D:4      | Found Sivvic's Assorted Antiques.
  2714 | D:4      | Found a staircase to the Ecumenical Temple.
  2723 | Temple   | Entered the Ecumenical Temple
  2797 | Temple   | Became a worshipper of Elyvilon the Healer
  3558 | D:5      | Entered Level 5 of the Dungeon
  3600 | D:5      | Reached skill level 8 in Axes
  3647 | D:5      | Reached skill level 1 in Invocations
  3708 | D:5      | Noticed Grinder
  3717 | D:5      | Killed Grinder
  3717 | D:5      | Reached XP level 8. HP: 67/67 MP: 6/8
  3749 | D:5      | Got a shimmering scale mail
  3750 | D:5      | Identified the +2 scale mail "Beokk" {Dex+2} (You found it on level 5 of the Dungeon)
  3943 | D:5      | Reached * piety under Elyvilon
  4001 | D:6      | Reached skill level 9 in Axes
  4019 | D:6      | Noticed Menkaure
  4174 | D:6      | Killed Menkaure
  4399 | D:6      | Noticed Prince Ribbit
  4757 | D:6      | Killed Prince Ribbit
  4757 | D:6      | Reached skill level 10 in Axes
  4757 | D:6      | Reached skill level 5 in Invocations
  4791 | D:6      | Found an iron altar of Okawaru.
  4963 | D:7      | Reached ** piety under Elyvilon
  5204 | D:7      | Reached XP level 9. HP: 72/72 MP: 11/11
  5284 | D:7      | Reached skill level 5 in Armour
  5637 | D:7      | Reached skill level 11 in Axes
  5886 | D:7      | Reached skill level 5 in Fighting
  6704 | D:8      | Noticed an ice statue
  6735 | D:8      | Reached skill level 12 in Axes
  6951 | D:8      | Reached *** piety under Elyvilon
  7136 | D:8      | Killed from afar by an ice statue

Skill      XL: |  1  2  3  4  5  6  7  8  9 |
---------------+----------------------------+-----
Axes           | 3 4 6 7 8 10 12 | 12.0
Armour         | 4 6 |  6.4
Shields        | 6 7 |  7.0
Fighting       | 4 6 |  6.8
Invocations    | 2 5 |  5.0

Action                   |  1- 3 |  4- 6 |  7- 9 || total
-------------------------+-------+-------+-------++-------
Melee: War axe           |   105 |    46 |   376 ||   527
       Headbutt          |    12 |     5 |    85 ||   102
Invok: Lesser Healing    |       |       |     1 ||     1
 Abil: Evoke Flight      |       |       |     1 ||     1
Evoke: Wand              |       |       |    10 ||    10
  Use: Scroll            |     8 |     1 |     7 ||    16
       Potion            |       |     1 |       ||     1
  Eat: Chunk             |     1 |     4 |    14 ||    19
       Fruit             |       |       |     2 ||     2
Armor: Scale mail        |    39 |    24 |   169 ||   232
Dodge: Dodged            |    35 |    16 |   111 ||   162
Block: Shield            |    63 |    29 |   218 ||   310
